[Event "Swedish Chess Championship 2019: Minior-SM"]
[Site "Stiga Sports Arena, Arenatorget 1, Eskilstuna, Sweden, Sweden"]
[Date "2019.07.08"]
[Round "1.1"]
[White "Lindholm, Marcus"]
[Black "Falkevall, Axel"]
[Result "0-1"]
[TimeControl "90 minutes for 40 moves + 30 minutes for the rest of the game + 30 seconds per move from move one"]
[WhiteFideId "1743473"]
[BlackFideId "1735560"]
[WhiteElo "1359"]
[BlackElo "2067"]

1. e4 e6 2. d4 d5 3. e5 c5 4. c3 Nc6 5. Nf3 Bd7 6. Bb5 Nxe5 7. Nxe5 Bxb5 8. Qf3 Nf6 9. Bg5 Be7 10.
Na3 Bd7 11. dxc5 O-O 12. b4 Ne4 13. Bxe7 Qxe7 14. Nxd7 Qxd7 15. Qd3 Qe7 16. O-O a5 17. Nc2 Rfc8 18. a3 Qc7 19. Nd4 b6 20.
cxb6 Qxb6 21. Rac1 axb4 22. cxb4 Rxc1 23. Rxc1 e5 24. Qc2 exd4 25. Qc8+ Qd8 0-1

[Event "Swedish Chess Championship 2019: Minior-SM"]
[Site "Stiga Sports Arena, Arenatorget 1, Eskilstuna, Sweden, Sweden"]
[Date "2019.07.08"]
[Round "1.2"]
[White "Grahn, Vidar"]
[Black "Agelin, Robin"]
[Result "1-0"]
[TimeControl "90 minutes for 40 moves + 30 minutes for the rest of the game + 30 seconds per move from move one"]
[WhiteFideId "1744780"]
[BlackFideId "1744623"]
[WhiteElo "1980"]
[BlackElo "1333"]

1. e4 e6 2. d4 d5 3. Nc3 Bb4 4. e5 c5 5. a3 Bxc3+ 6. bxc3 Qa5 7. Bd2 cxd4 8. cxd4 Qa4 9. Qg4 g6 10.
Nf3 Nc6 11. Bd3 Bd7 12. O-O a6 13. Bg5 Nge7 14. Bf6 h5 15. Qg5 Rh7 16. Rfb1 Bc8 17. Rb3 Rb8 18. Rab1 b5 19. c3 Nf5 20.
Bxf5 exf5 21. Qc1 h4 22. Bxh4 Ne7 23. Qg5 Nc6 24. Qf6 Be6 25. Ng5 Rxh4 26. Nxe6 Re4 27. Nc7+ Kf8 28. Nxd5 Kg8 29.
f3 Re1+ 30. Rxe1 Qxb3 31. Qxc6 Qxa3 32. Ne7+ Qxe7 33. Qxa6 Qc7 34. Qd6 Qc8 35. d5 Qe8 36. Qb4 Rc8 37. d6 Qd7 38. Rb1 Rb8 39.
Qc5 Rb7 40. Qd5 Kf8 41. c4 b4 42. c5 Rb8 43. c6 Qa7+ 44. Kh1 Rc8 45. d7 Rd8 46. Qd6+ 1-0

[Event "Swedish Chess Championship 2019: Minior-SM"]
[Site "Stiga Sports Arena, Arenatorget 1, Eskilstuna, Sweden, Sweden"]
[Date "2019.07.08"]
[Round "1.3"]
[White "Schriever-Abeln, Marius"]
[Black "Strom-Engdahl, Alexander"]
[Result "0-1"]
[TimeControl "90 minutes for 40 moves + 30 minutes for the rest of the game + 30 seconds per move from move one"]
[WhiteFideId "1752650"]
[BlackFideId "1741586"]
[WhiteElo "1332"]
[BlackElo "1866"]

1. d4 Nf6 2. c4 e6 3. Nf3 b6 4. g3 Bb7 5. Bg2 Bb4+ 6. Bd2 Bxd2+ 7. Nbxd2 O-O 8. O-O d6 9. Qc2 Nbd7 10.
e3 Qe7 11. b4 c5 12. dxc5 bxc5 13. b5 d5 14. Nb3 dxc4 15. Qxc4 a6 16. a4 Rfc8 17. Rfc1 Bd5 18. Qc3 axb5 19.
axb5 Rab8 20. Ra5 Ne4 21. Qc2 Nd6 22. Bf1 Bxf3 0-1

[Event "Swedish Chess Championship 2019: Minior-SM"]
[Site "Stiga Sports Arena, Arenatorget 1, Eskilstuna, Sweden, Sweden"]
[Date "2019.07.08"]
[Round "1.4"]
[White "Morell, Ludvig"]
[Black "Fridman, Arvid"]
[Result "1-0"]
[TimeControl "90 minutes for 40 moves + 30 minutes for the rest of the game + 30 seconds per move from move one"]
[WhiteFideId "1736779"]
[BlackFideId "1758632"]
[WhiteElo "1744"]
[BlackElo "1326"]

1. e4 e5 2. Nf3 Nf6 3. Nxe5 d6 4. Nf3 Nxe4 5. Nc3 Nxc3 6. dxc3 d5 7. Be3 Be7 8. Qd2 Be6 9. O-O-O a5 10.
Nd4 Bd7 11. Nf3 c6 12. Bg5 f6 13. Bf4 b5 14. Re1 O-O 15. Bd3 Kh8 16. Nd4 Na6 17. Bf5 Bc5 18. Ne6 Qc8 19. Nxc5 Bxf5 20.
Nxa6 Rxa6 21. Bd6 Re8 22. Rxe8+ Qxe8 23. Re1 Qg6 24. f3 Ra8 25. Qe2 h6 26. g4 Bd7 27. Qf2 f5 28. Bc5 fxg4 29.
fxg4 Bxg4 30. Rg1 Qg5+ 31. Kb1 Re8 32. h3 Qf5 1-0

[Event "Swedish Chess Championship 2019: Minior-SM"]
[Site "Stiga Sports Arena, Arenatorget 1, Eskilstuna, Sweden, Sweden"]
[Date "2019.07.08"]
[Round "1.5"]
[White "Harlin, Jacob"]
[Black "Tran, Alva Ling"]
[Result "0-1"]
[TimeControl "90 minutes for 40 moves + 30 minutes for the rest of the game + 30 seconds per move from move one"]
[WhiteFideId "1728180"]
[BlackFideId "1753223"]
[WhiteElo "1273"]
[BlackElo "1712"]

1. e4 c5 2. c3 d5 3. exd5 Qxd5 4. d4 cxd4 5. cxd4 Nc6 6. Nf3 Bg4 7. Be2 e6 8. a3 Nf6 9. Nc3 Qd7 10.
Be3 Bd6 11. h3 Bh5 12. Qd2 O-O 13. O-O Rfd8 14. Rfd1 Rac8 15. Rac1 Bb8 16. Qc2 Bg6 17. Bd3 Bxd3 18. Rxd3 Na5 19.
Rcd1 Nd5 20. Ne5 Qc7 21. Qa4 Nc4 22. Nxc4 Qxc4 23. Qxc4 Rxc4 24. Nxd5 Rxd5 25. Rc3 Rxc3 26. bxc3 Ra5 27.
Ra1 Bd6 28. a4 b5 29. Kf1 Rxa4 30. Rxa4 bxa4 31. Ke2 a3 32. Bc1 a2 33. Bb2 Ba3 34. Ba1 Kf8 35. Kd3 Ke7 36. Kc4 Kd6 37.
Kb3 Bc1 38. c4 Bf4 39. g3 Bd2 40. Kxa2 Be1 41. f3 Bxg3 42. Kb3 Kc6 43. Ka4 Be1 44. Bb2 f5 45. Ba3 Bc3 46. Bc5 e5 47.
Bxa7 Bxd4 48. Bb8 g5 49. Kb3 h5 50. Kc2 g4 51. hxg4 hxg4 52. fxg4 fxg4 53. Kd2 g3 54. Bxe5 Bxe5 55.
Ke2 Kc5 56. Kf3 Kxc4 57. Ke3 Kc3 58. Ke2 Kd4 59. Kf3 Kd3 0-1

[Event "Swedish Chess Championship 2019: Minior-SM"]
[Site "Stiga Sports Arena, Arenatorget 1, Eskilstuna, Sweden, Sweden"]
[Date "2019.07.08"]
[Round "1.6"]
[White "Enholm, Herman"]
[Black "Willstedt, Lukas"]
[Result "1-0"]
[TimeControl "90 minutes for 40 moves + 30 minutes for the rest of the game + 30 seconds per move from move one"]
[WhiteFideId "1744500"]
[BlackFideId "1751913"]
[WhiteElo "1695"]
[BlackElo "1259"]

1. d4 e6 2. c4 Nf6 3. Nc3 Bb4 4. Qc2 O-O 5. Bg5 c5 6. e3 h6 7. Bh4 d5 8. Nf3 Nc6 9. cxd5 exd5 10.
dxc5 Bg4 11. Be2 Bxc3+ 12. Qxc3 Ne4 13. Bxd8 Nxc3 14. bxc3 Raxd8 15. Rb1 Rd7 16. Nd4 Bxe2 17. Kxe2 f5 18.
Rb2 f4 19. Ne6 Rf6 20. Nxf4 g5 21. Nd3 Na5 22. Rhb1 a6 23. c6 bxc6 24. Rb8+ Kg7 25. Nc5 Rdf7 26. f3 Re7 27. R1b6 Nc4 28.
R8b7 Rff7 29. Rxe7 Rxe7 30. Rb7 Rxb7 31. Nxb7 Kf6 32. Nc5 a5 33. Nb3 Ke5 34. g3 a4 35. Nd2 Na3 36. f4+ Kf5 37.
h3 h5 38. Kf3 g4+ 39. hxg4+ hxg4+ 40. Ke2 c5 41. Kd3 Nb5 42. c4 dxc4+ 43. Kxc4 Na3+ 44. Kxc5 Nc2 45. e4 Kf6 46.
Kd6 Nb4 47. a3 Nc2 48. Nc4 Nd4 49. Ne3 Nb5+ 50. Kc5 Nxa3 51. Kb4 Nb1 52. e5+ Ke6 53. Kxa4 Nc3+ 54. Kb4 Ne4 55. Nf1 Kd5 56.
Kb3 Nc5+ 57. Kc3 Ke4 58. Nh2 Kf5 59. Kd4 Ne4 60. Nf1 Nf2 61. Kd5 Nd3 62. Ne3 Kg6 63. Nxg4 Nb4+ 64. Ke4 Nc6 65.
Ne3 Ne7 66. g4 Kf7 67. f5 Ng8 68. g5 Ne7 69. Nd5 Ng8 70. e6+ Kg7 71. f6+ Kh8 72. e7 Kh7 73. e8=Q Nxf6+ 74.
Nxf6+ Kg7 75. Qg8# 1-0

[Event "Swedish Chess Championship 2019: Minior-SM"]
[Site "Stiga Sports Arena, Arenatorget 1, Eskilstuna, Sweden, Sweden"]
[Date "2019.07.08"]
[Round "2.1"]
[White "Falkevall, Axel"]
[Black "Johansson-Ohman, Linnea"]
[Result "1-0"]
[TimeControl "90 minutes for 40 moves + 30 minutes for the rest of the game + 30 seconds per move from move one"]
[WhiteFideId "1735560"]
[BlackFideId "1737260"]
[WhiteElo "2067"]
[BlackElo "1529"]

1. d4 f5 2. g3 Nf6 3. Bg2 g6 4.
c4 Bg7 5. Nc3 d6 6. Nf3 O-O 7. O-O Re8 8. Re1 Nbd7 9. e4 fxe4 10. Ng5 Nb6 11. Ncxe4 c6 12. Qb3 Nxe4 13. Bxe4 d5 14.
cxd5 cxd5 15. Be3 e6 16. Bg2 Nc4 17. Nf3 b6 18. Bf4 h6 19. h4 Rf8 20. Qc2 Qf6 21. b3 Na3 22. Qd2 Nb5 23.
Rad1 Rf7 24. a4 Nc7 25. Bxh6 Bxh6 26. Qxh6 Rh7 27. Qe3 Ne8 28. Ng5 Rd7 29. Qxe6+ Qxe6 30. Rxe6 Ng7 1-0

[Event "Swedish Chess Championship 2019: Minior-SM"]
[Site "Stiga Sports Arena, Arenatorget 1, Eskilstuna, Sweden, Sweden"]
[Date "2019.07.08"]
[Round "2.2"]
[White "Gerdes, Sebastian"]
[Black "Grahn, Vidar"]
[Result "1-0"]
[TimeControl "90 minutes for 40 moves + 30 minutes for the rest of the game + 30 seconds per move from move one"]
[WhiteFideId "1745697"]
[BlackFideId "1744780"]
[WhiteElo "1529"]
[BlackElo "1980"]

1. c4 e5 2. g3 Nc6 3. Bg2 f5 4. Nc3 Nf6 5. e3 Bc5 6. Nge2 d6 7. O-O O-O 8. d4 Bb6 9. a3 a5 10.
Rb1 Ne7 11. b4 axb4 12. axb4 c6 13. Qc2 e4 14. Rd1 d5 15. Na4 Kh8 16. Nxb6 Qxb6 17. c5 Qc7 18. Nc3 Be6 19. b5 g5 20.
Qe2 Ng6 21. bxc6 bxc6 22. Rb6 Nd7 23. Nb5 cxb5 24. Rxe6 Rfb8 25. Rd6 Ne7 26. Re6 Nf8 27.
Rd6 b4 28. Bb2 Rd8 29. Rb6 Rab8 30. Ra6 Ra8 31. Rda1 Rxa6 32. Qxa6 Nfg6 33. Qf6+ Kg8 34. Qxg5 Qb7 35. Bh3 Ra8 36.
Rxa8+ Qxa8 37. Bxf5 Qa2 38. Be6+ Kg7 39. h4 Qxb2 40. h5 Qa1+ 41. Kg2 Qa6 42. h6+ Kf8 43. Qf6+ Ke8 44. Bf7+ Kf8 45.
Qg7# 1-0

[Event "Swedish Chess Championship 2019: Minior-SM"]
[Site "Stiga Sports Arena, Arenatorget 1, Eskilstuna, Sweden, Sweden"]
[Date "2019.07.08"]
[Round "2.3"]
[White "Strom-Engdahl, Alexander"]
[Black "Platkovs, Daniils"]
[Result "1-0"]
[TimeControl "90 minutes for 40 moves + 30 minutes for the rest of the game + 30 seconds per move from move one"]
[WhiteFideId "1741586"]
[BlackFideId "1739298"]
[WhiteElo "1866"]
[BlackElo "1528"]

1. c4 e5 2. Nc3 Nc6 3. g3 f5 4. Bg2 Nf6 5. d3 Bc5 6. e3 d6 7. Nge2 O-O 8. O-O Ne7 9. Nd5 Nexd5 10. cxd5 Qe8 11. Nc3 Qg6 12. a3 a5 13. d4 Bb6 14. dxe5 dxe5 15. d6 Rd8 16. Qb3+ Kh8 17. dxc7 Bxc7 18.
Qc4 Bd6 19. Rd1 e4 20. Nb5 Ne8 21. Nd4 Nc7 22. Bd2 b6 23. Bc3 Bb7 24. Bh3 Bd5 25. Qe2 Be6 26. Nxe6 Nxe6 27. Qb5 Bc5 28.
Rxd8+ Rxd8 29. b4 Nc7 30. Qc4 axb4 31. axb4 Bd6 32. Qc6 f4 33. exf4 Qh5 34. Bg2 Qb5 35. Bxe4 Re8 36. Qxb5 Nxb5 37.
Bc6 Nxc3 38. Bxe8 g6 39. b5 Bc5 40. Bc6 Kg7 41. Ra7+ Kh6 42. Rd7 Ne2+ 43. Kg2 Nd4 44. h3 Nf5 45.
Bd5 Ne7 46. g4 Kg7 47. Bc4 Kf6 48. Kf3 g5 49. fxg5+ Kxg5 50. Kg3 h5 51. f4+ Kh6 52. g5+ Kg6 53. Bd3+ Kf7 54. Be4 Ke6 55.
Rd1 Nf5+ 56. Bxf5+ Kxf5 57. Rd5+ Ke6 58. Re5+ Kf7 59. Rxc5 1-0

[Event "Swedish Chess Championship 2019: Minior-SM"]
[Site "Stiga Sports Arena, Arenatorget 1, Eskilstuna, Sweden, Sweden"]
[Date "2019.07.08"]
[Round "2.4"]
[White "Anfalt, Erik"]
[Black "Morell, Ludvig"]
[Result "1/2-1/2"]
[TimeControl "90 minutes for 40 moves + 30 minutes for the rest of the game + 30 seconds per move from move one"]
[WhiteFideId "1753533"]
[BlackFideId "1736779"]
[WhiteElo "1511"]
[BlackElo "1744"]

1. e4 c5 2. Nc3 Nc6 3. f4 g6 4.
Nf3 Bg7 5. Bb5 a6 6. Bxc6 dxc6 7. d3 Bg4 8. O-O Nf6 9. Qe1 O-O 10. Qh4 Bxf3 11. Rxf3 Qd7 12. f5 e6 13. Bg5 Qd4+ 14.
Kh1 exf5 15. Raf1 Nh5 16. exf5 Qxh4 17. Bxh4 Bxc3 18. bxc3 Ng7 19. fxg6 fxg6 20. Be7 Rxf3 21. gxf3 Re8 22.
Bxc5 Re2 23. Rf2 Re1+ 24. Kg2 Nf5 25. c4 Ra1 26. a3 Re1 27. Kh3 Kf7 28. Bb4 Re6 29. Bc3 Ke7 30. Rd2 Kf7 31.
Bb4 Nd4 32. Kg4 h5+ 33. Kg3 b6 34. a4 g5 35. a5 b5 36. Bc5 Nf5+ 37. Kf2 Nh4 38. cxb5 cxb5 39. Re2 Rf6 40. Re7+ Kg6 41.
Re3 g4 42. Be7 Rxf3+ 43. Rxf3 Nxf3 44. h3 Nd4 45. c4 bxc4 46. dxc4 Nc6 47. hxg4 hxg4 48. Ba3 Nxa5 49. c5 Kf5 50.
Kg3 Nc6 51. Bb2 a5 52. Bc3 a4 53. Bb2 Kg5 54. Bc1+ Kf5 55. Bb2 Ne5 56. Ba3 Ke6 57. Bb2 Kd5 58. Ba3 Kc6 59. Bb2 Nd3 60.
Ba3 Ne5 61. Kf4 Nc4 62. Bc1 Kxc5 63. Kxg4 Kb4 64. Bh6 Kb3 65. Bf8 Na5 66. Kf3 Nc6 67. Ke2 Nb4 68. Bxb4 Kxb4 69. Kd2 1/2-1/2

[Event "Swedish Chess Championship 2019: Minior-SM"]
[Site "Stiga Sports Arena, Arenatorget 1, Eskilstuna, Sweden, Sweden"]
[Date "2019.07.08"]
[Round "2.5"]
[White "Tran, Alva Ling"]
[Black "Gabrielsson, Lew"]
[Result "1-0"]
[TimeControl "90 minutes for 40 moves + 30 minutes for the rest of the game + 30 seconds per move from move one"]
[WhiteFideId "1753223"]
[BlackFideId "1754955"]
[WhiteElo "1712"]
[BlackElo "1399"]

1. e4 e5 2. Nf3 Nc6 3. Bc4 Bc5 4. c3 Nf6 5. d4 Be7 6. dxe5 Nxe4 7. Qd5 O-O 8. Qxe4 d6 9. O-O Re8 10.
Re1 Qd7 11. exd6 cxd6 12. Ng5 g6 13. Nxf7 Kg7 14. Bh6+ Kg8 15. Ne5+ Kh8 16. Nxg6+ hxg6 17. Qxg6 Bf8 18. Qg8# 1-0

[Event "Swedish Chess Championship 2019: Minior-SM"]
[Site "Stiga Sports Arena, Arenatorget 1, Eskilstuna, Sweden, Sweden"]
[Date "2019.07.08"]
[Round "2.6"]
[White "Sandberg, Simon"]
[Black "Enholm, Herman"]
[Result "0-1"]
[TimeControl "90 minutes for 40 moves + 30 minutes for the rest of the game + 30 seconds per move from move one"]
[WhiteFideId "1735640"]
[BlackFideId "1744500"]
[WhiteElo "1421"]
[BlackElo "1695"]

1. e4 c5 2. Nf3 e6 3. Nc3 Nc6 4. d3 g6 5. g3 Bg7 6. Bg2 Nge7 7. Bg5 O-O 8. Qd2 Nd4 9. O-O a6 10.
a4 b6 11. e5 Bb7 12. Ne4 Nxf3+ 13. Bxf3 Bxe5 14. Nf6+ Bxf6 15. Bxb7 Bxg5 16. Qxg5 Ra7 17. Be4 d5 18. Bf3 Nf5 19.
Qg4 Qf6 20. c3 Rd8 21. Qf4 Kg7 22. h4 e5 23. Qg4 h5 24. Qh3 Nh6 25. Kh2 Qxf3 0-1

[Event "Swedish Chess Championship 2019: Minior-SM"]
[Site "Stiga Sports Arena, Arenatorget 1, Eskilstuna, Sweden, Sweden"]
[Date "2019.07.09"]
[Round "3.1"]
[White "Backlund, Elias"]
[Black "Falkevall, Axel"]
[Result "0-1"]
[TimeControl "90 minutes for 40 moves + 30 minutes for the rest of the game + 30 seconds per move from move one"]
[WhiteFideId "1753207"]
[BlackFideId "1735560"]
[WhiteElo "1656"]
[BlackElo "2067"]

1. d4 Nf6 2. c4 e6 3. Nc3 Bb4 4. Qc2 Nc6 5. Nf3 d6 6. Bg5 O-O 7. e3 h6 8. Bh4 e5 9. d5 Nb8 10.
Be2 Nbd7 11. O-O Bxc3 12. Qxc3 a5 13. a4 Nc5 14. Nd2 Nxd5 15. cxd5 Qxh4 16. Nb3 b6 17. Nxc5 bxc5 18. Bb5 Bb7 19.
Rfd1 Qg5 20. e4 f5 21. f3 fxe4 22. fxe4 Rf4 23. Qd3 Qg6 24. Re1 Raf8 25. Re2 Bc8 26. g3 R4f6 27. Qd2 Qf7 28.
Kg2 Bg4 0-1

[Event "Swedish Chess Championship 2019: Minior-SM"]
[Site "Stiga Sports Arena, Arenatorget 1, Eskilstuna, Sweden, Sweden"]
[Date "2019.07.09"]
[Round "3.2"]
[White "Wikman, Viktor"]
[Black "Strom-Engdahl, Alexander"]
[Result "0-1"]
[TimeControl "90 minutes for 40 moves + 30 minutes for the rest of the game + 30 seconds per move from move one"]
[WhiteFideId "1744720"]
[BlackFideId "1741586"]
[WhiteElo "1633"]
[BlackElo "1866"]

1. e4 e5 2. Nf3 Nf6 3. d4 Nxe4 4. Nxe5 d5 5. Bd3 Be7 6. O-O O-O 7. c4 Nc6 8. cxd5 Qxd5 9. Qf3 Nf6 10.
Nxc6 bxc6 11. Qxd5 cxd5 12. Bf4 c6 13. Nd2 Be6 14. Rac1 Bd7 15. Nf3 Nh5 16. Bg3 Nxg3 17. hxg3 Bf6 18.
Rc5 a5 19. a4 Rfb8 20. Rb1 Rb4 21. b3 Bxd4 22. Nxd4 Rxd4 23. Be2 Kf8 24. Kf1 Ke7 25. Rbc1 Kd6 26. R1c2 Rb4 27. R2c3 Rxb3 28.
Rxd5+ cxd5 29. Rxb3 Bxa4 30. Rb7 Bd7 31. Ke1 a4 32. Kd2 0-1

[Event "Swedish Chess Championship 2019: Minior-SM"]
[Site "Stiga Sports Arena, Arenatorget 1, Eskilstuna, Sweden, Sweden"]
[Date "2019.07.09"]
[Round "3.3"]
[White "Seo, Jung Hyun"]
[Black "Tran, Alva Ling"]
[Result "0-1"]
[TimeControl "90 minutes for 40 moves + 30 minutes for the rest of the game + 30 seconds per move from move one"]
[WhiteFideId "1735667"]
[BlackFideId "1753223"]
[WhiteElo "1575"]
[BlackElo "1712"]

1. e4 c5 2. Nf3 e6 3. d4 cxd4 4. Nxd4 a6 5. c4 Nf6 6. Nc3 Bb4 7. Qd3 d6 8. Nc2 Ba5 9. b4 Bc7 10.
Be3 Nc6 11. Be2 O-O 12. a3 Ne5 13. Qd2 b6 14. f3 Bb7 15. b5 Nfd7 16. bxa6 Bxa6 17. Qd4 Nc6 18. Qd2 Na5 19. Nd4 Ne5 20.
Bg5 Qd7 21. Ncb5 Nexc4 22. Qb4 d5 23. Nxc7 Qxc7 24. O-O Qe5 25. Bh4 Qxd4+ 26. Bf2 Qd2 27. Bxc4 Nxc4 28. Qe7 Rfe8 29. Qh4 Rad8 30. Rfd1 Qa5 31.
exd5 Rxd5 32. Bd4 e5 33. Re1 f6 34. Rad1 Red8 35. Qh5 Qb5 36. Rb1 Qc6 37. Bf2 b5 38. Kh1 Rd2 39. Bg3 Qe8 40.
Qg4 R8d4 41. Qf5 Qd7 42. Qh5 Rd1 43. f4 Rxb1 44. Rxb1 exf4 45. Bf2 Ne3 46. Bxe3 fxe3 47. Qf3 Bb7 48.
Qf1 Rd2 49. Qe1 Qg4 50. Qf1 Bxg2+ 51. Kg1 0-1

[Event "Swedish Chess Championship 2019: Minior-SM"]
[Site "Stiga Sports Arena, Arenatorget 1, Eskilstuna, Sweden, Sweden"]
[Date "2019.07.09"]
[Round "3.4"]
[White "Enholm, Herman"]
[Black "Gerdes, Sebastian"]
[Result "1-0"]
[TimeControl "90 minutes for 40 moves + 30 minutes for the rest of the game + 30 seconds per move from move one"]
[WhiteFideId "1744500"]
[BlackFideId "1745697"]
[WhiteElo "1695"]
[BlackElo "1529"]

1. d4 d5 2. c4 c6 3. Nf3 Nf6 4. e3 Nbd7 5. Nc3 e6 6. cxd5 cxd5 7. Bd3 b6 8. Bd2 Bb7 9. Rc1 Be7 10.
O-O O-O 11. Qc2 Rc8 12. Ne5 h6 13. f4 Ne4 14. Bxe4 dxe4 15. Qd1 Nf6 16. g4 Nd5 17. Nxd5 exd5 18. Qe2 Qe8 19. Rxc8 Bxc8 20. Rc1 Bb7 21. Rc7 Bc8 22.
Rxa7 Bd6 23. f5 Bxe5 24. dxe5 Qxe5 25. Bc3 Qb8 26. Ra4 b5 27. Rb4 Bd7 28. f6 g6 29. Rd4 Bc6 30. Rd1 b4 31.
Bd4 Rc8 32. Rc1 Bd7 33. Rxc8+ Qxc8 34. h3 Qa8 35. Qh2 Qc8 36. Qd2 Bxg4 37. hxg4 Qxg4+ 38. Kf1 Qf3+ 39. Qf2 Qd1+ 40. Kg2 Qg4+ 41.
Kh2 Qh5+ 42. Kg1 Qg4+ 43. Qg2 Qd1+ 44. Kh2 Qh5+ 45. Kg3 g5 46. Kf2 Qd1 47. Qf1 Qf3+ 48. Ke1 Qg3+ 49. Qf2 Qc7 50.
Kd2 Qc4 51. Qe2 Qxa2 52. Qh5 Qb1 53. Qxh6 Qd3+ 54. Ke1 Qb1+ 55. Kf2 Qc2+ 56. Kg3 Qc7+ 57. Kg4 Qd7+ 58. Kxg5 b3 59. Qg7# 1-0

[Event "Swedish Chess Championship 2019: Minior-SM"]
[Site "Stiga Sports Arena, Arenatorget 1, Eskilstuna, Sweden, Sweden"]
[Date "2019.07.09"]
[Round "3.5"]
[White "Morell, Ludvig"]
[Black "Grahn, Vidar"]
[Result "1/2-1/2"]
[TimeControl "90 minutes for 40 moves + 30 minutes for the rest of the game + 30 seconds per move from move one"]
[WhiteFideId "1736779"]
[BlackFideId "1744780"]
[WhiteElo "1744"]
[BlackElo "1980"]

1. e4 c5 2. Nf3 Nc6 3. d4 cxd4 4. Nxd4 g6 5. c4 Nf6 6. Nc3 d6 7. Be3 Ng4 8. Qd2 Nxe3 9. Qxe3 Qb6 10.
Ncb5 Qa5+ 11. Qd2 Qxd2+ 12. Kxd2 Bh6+ 13. Kc2 O-O 14. Nxc6 bxc6 15. Nd4 Bd7 16. Be2 Bg7 17. Nf3 Rab8 18.
Rab1 c5 19. b3 a5 20. a4 Rb4 21. Rhd1 Bc6 22. Bd3 Rfb8 23. Re1 e6 24. Nd2 Bd4 25. f3 h5 26. h3 Be5 27. Red1 Bf4 28.
Re1 Bxd2 29. Kxd2 Rxb3 30. Rxb3 Rxb3 31. Bc2 Rb4 32. Kc3 Bxa4 33. Bxa4 Rxa4 34. Rd1 Ra2 35. Rxd6 Rxg2 36. Rc6 Rg3 37.
Rxc5 Rxf3+ 38. Kd4 a4 39. Ra5 a3 40. Ra8+ Kg7 41. e5 Rf4+ 42. Kd3 f6 43. c5 fxe5 44. c6 Rf7 45. Ke4 Rc7 46. Rxa3 Rxc6 47. Kxe5 Rb6 48.
Ra7+ Kh6 49. Ra4 g5 50. Kf6 Rb3 51. h4 Rf3+ 52. Kxe6 g4 53. Ra8 Kg7 54. Ra7+ Kg6 55. Ra8 Rh3 56.
Rf8 Rxh4 57. Rg8 Kh7 58. Kf7 1/2-1/2

[Event "Swedish Chess Championship 2019: Minior-SM"]
[Site "Stiga Sports Arena, Arenatorget 1, Eskilstuna, Sweden, Sweden"]
[Date "2019.07.09"]
[Round "3.6"]
[White "Johansson-Ohman, Linnea"]
[Black "Anfalt, Erik"]
[Result "1-0"]
[TimeControl "90 minutes for 40 moves + 30 minutes for the rest of the game + 30 seconds per move from move one"]
[WhiteFideId "1737260"]
[BlackFideId "1753533"]
[WhiteElo "1529"]
[BlackElo "1511"]

1. d4 Nf6 2. c4 g6 3. Nf3 Bg7 4. Nc3 O-O 5. e3 d5 6. cxd5 Nxd5 7. Bc4 Be6 8. Nxd5 Bxd5 9. Be2 c5 10.
O-O cxd4 11. Nxd4 Nc6 12. Nxc6 Bxc6 13. f3 Qb6 14. Bc4 Rac8 15. Qb3 Qxb3 16. Bxb3 Rfd8 17. Rf2 Bd5 18. Bd2 Bxb3 19.
axb3 Bxb2 20. Rxa7 Rd7 21. Bb4 Bc1 22. Re2 Rd3 23. Kf2 Rxb3 24. Bxe7 Re8 25. Bc5 Bb2 26. Ra2 Bf6 27. Red2 b6 28.
Bd4 Bxd4 29. exd4 Ree3 30. d5 Re7 31. d6 Rd7 32. Rac2 f5 33. Rc7 Rd8 34. Re7 Ra3 35. d7 Raa8 36.
Rde2 Kf8 37. Rxh7 b5 38. Rb2 Rab8 39. h3 Rb7 40. Rh8+ Ke7 41. Re2+ Kd6 42. Rxd8 b4 43. Rd2+ Ke7 44.
Re8+ 1-0

[Event "Swedish Chess Championship 2019: Minior-SM"]
[Site "Stiga Sports Arena, Arenatorget 1, Eskilstuna, Sweden, Sweden"]
[Date "2019.07.10"]
[Round "4.1"]
[White "Falkevall, Axel"]
[Black "Tran, Alva Ling"]
[Result "1-0"]
[TimeControl "90 minutes for 40 moves + 30 minutes for the rest of the game + 30 seconds per move from move one"]
[WhiteFideId "1735560"]
[BlackFideId "1753223"]
[WhiteElo "2067"]
[BlackElo "1712"]

1. e4 c5 2. Nf3 e6 3. c3 d5 4. exd5 exd5 5. d4 c4 6. b3 b5 7. a4 Bg4 8. axb5 cxb3 9. Be2 Nf6 10.
O-O Bd6 11. Qxb3 Nbd7 12. Ba3 Nb6 13. Bxd6 Qxd6 14. Qa3 Ke7 15. Re1 Qxa3 16. Rxa3 Kd6 17. Ne5 Be6 18. Nd2 Rhe8 19. Rea1 Re7 20.
Ra6 Rc8 21. c4 dxc4 22. Ndxc4+ Bxc4 23. Nxc4+ Kd5 24. Ne3+ Ke6 25. Bc4+ Kd7 26. Rxa7+ Rc7 27. Rxc7+ Kxc7 28.
Ra7+ Kd8 29. Rxe7 Kxe7 30. Nf5+ Kf8 31. Bb3 Ne4 32. f3 Nc3 33. Kf2 Nxb5 34. Ke3 g6 35. Ng3 Nd6 36. Kf4 Ke7 37.
Kg5 Nd7 38. Bc2 Nf6 39. Ne4 Nfe8 40. Nxd6 Nxd6 41. Kh6 Nb5 42. d5 Nc3 43. Bb3 Ne2 44. Kxh7 Nf4 45. g3 Nd3 46. f4 Nf2 47.
d6+ Kxd6 48. Bxf7 Ng4 49. h4 Nf6+ 50. Kxg6 Ke7 51. Bb3 Ne4 1-0

[Event "Swedish Chess Championship 2019: Minior-SM"]
[Site "Stiga Sports Arena, Arenatorget 1, Eskilstuna, Sweden, Sweden"]
[Date "2019.07.10"]
[Round "4.2"]
[White "Strom-Engdahl, Alexander"]
[Black "Enholm, Herman"]
[Result "1/2-1/2"]
[TimeControl "90 minutes for 40 moves + 30 minutes for the rest of the game + 30 seconds per move from move one"]
[WhiteFideId "1741586"]
[BlackFideId "1744500"]
[WhiteElo "1866"]
[BlackElo "1695"]

1. c4 Nf6 2. Nc3 c5 3. g3 e6 4. e4 Nc6 5. Bg2 Be7 6. d3 O-O 7. Nge2 Nd4 8. Be3 e5 9. Bg5 d6 10.
Bxf6 Bxf6 11. O-O Be6 12. f4 Nxe2+ 13. Qxe2 exf4 14. gxf4 Bd4+ 15. Kh1 Qh4 16. Nb5 Bg4 17. Bf3 Bh3 18.
Bg2 Bg4 19. Qe1 Qf6 20. Nxd4 Qxd4 21. Qd2 Rab8 22. a4 a6 23. Bf3 Bxf3+ 24. Rxf3 b5 25. axb5 axb5 26. Qc3 bxc4 27. Qxd4 cxd4 28.
dxc4 Rxb2 29. Rd3 f5 1/2-1/2

[Event "Swedish Chess Championship 2019: Minior-SM"]
[Site "Stiga Sports Arena, Arenatorget 1, Eskilstuna, Sweden, Sweden"]
[Date "2019.07.10"]
[Round "4.3"]
[White "Platkovs, Daniils"]
[Black "Morell, Ludvig"]
[Result "0-1"]
[TimeControl "90 minutes for 40 moves + 30 minutes for the rest of the game + 30 seconds per move from move one"]
[WhiteFideId "1739298"]
[BlackFideId "1736779"]
[WhiteElo "1528"]
[BlackElo "1744"]

1. e4 c5 2. Nc3 Nc6 3. f4 g6 4.
Nf3 Bg7 5. Bc4 e6 6. d3 Nge7 7. O-O d5 8. Bb3 O-O 9. Qe1 b6 10. Qh4 Nd4 11. f5 dxe4 12. dxe4 Nxf3+ 13. Rxf3 Bd4+ 14.
Be3 Bxe3+ 15. Rxe3 exf5 16. Qf6 Qd4 17. Qg5 f4 18. Qxf4 Nf5 19. Nd5 Nxe3 20. Qxe3 Qxe3+ 21. Nxe3 Be6 22.
Nd5 Bxd5 23. Bxd5 Rad8 24. Rf1 Kg7 25. c4 Rd7 26. g4 Re7 27. Kf2 Re5 28. Ke3 f6 29. h4 h6 30. b3 h5 31.
Rg1 hxg4 32. Rxg4 Rh5 33. Be6 Rfh8 34. Bf5 g5 35. hxg5 Rxg5 36. Rxg5+ fxg5 37. a3 Kf6 38. b4 Ke5 39.
Bd7 Rd8 40. Bc6 Rd4 41. Bd5 g4 42. bxc5 bxc5 43. a4 a5 44. Kf2 Rxe4 45. Kg3 Rd4 46. Bg8 Kf5 47. Bf7 Kg5 48. Be6 Rd3+ 49.
Kf2 Ra3 50. Bd7 Kf4 0-1